 Dungeon Crawl Stone Soup version 0.17-a0-737-gf0a300a (webtiles) character file.

72 MackTheKnife the Cutter (level 4, -4/26 HPs)
             Began as a Kobold Wanderer on May 7, 2015.
             Slain by an ogre
             ... wielding a +0 giant club
              (22 damage)
             ... on level 4 of the Dungeon.
             The game lasted 00:03:24 (2234 turns).

MackTheKnife the Cutter (Kobold Wanderer)           Turns: 2234, Time: 00:03:24

Health: -4/26      AC:  8    Str:  9    XL:     4   Next: 50%
Magic:  4/4        EV: 10    Int: 10    God:
Gold:   155        SH:  0    Dex: 17    Spells: 0 memorised, 3 levels left

rFire  . . .     SeeInvis .     b - +0 short sword
rCold  . . .     Clarity  .     a - +2 scale mail
rNeg   . . .     SustAb   .     (shield restricted)
rPois  .         Gourm    .     (no helmet)
rElec  .         Spirit   .     (no cloak)
rCorr  .         Warding  .     (no gloves)
rMut   .         Stasis   .     (no boots)
MR     .....                    k - amulet of faith {Faith, !P}
Stlth  ..........               (no ring)
                                (no ring)

@: not resistant to hostile enchantments, extremely unstealthy
A: carnivore 3
a: no special abilities


You were on level 4 of the Dungeon.
You were very full.

You visited 1 branch of the dungeon, and saw 4 of its levels.

You collected 155 gold pieces.

Inventory:

Hand weapons
 b - a +0 short sword (weapon)
 n - a +0 blowgun
   (You took it off a kobold on level 3 of the Dungeon)
Armour
 a - a +2 scale mail (worn)
Jewellery
 k - an amulet of faith (around neck) {Faith, !P}
   (You found it on level 2 of the Dungeon)
 l - an uncursed ring of positive energy {unknown}
   (You found it on level 2 of the Dungeon)
Scrolls
 d - a scroll of enchant armour {unknown}
 g - a scroll of enchant weapon {unknown}
 h - 4 scrolls of teleportation {unknown}
 i - 2 scrolls of fear {unknown}
 j - a scroll of blinking {unknown}
 m - a scroll of magic mapping {unknown}
Potions
 c - a potion of lignification {!q}
 e - a potion of cancellation {unknown}
 f - a potion of curing


   Skills:
 - Level 2.1 Fighting
 + Level 5.3 Short Blades
   Level 1.0 Axes
 - Level 1.3 Throwing
 - Level 2.4 Armour
 - Level 1.2 Dodging
   Level 1.0 Shields


You had 3 spell levels left.
You didn't know any spells.

Dungeon Overview and Level Annotations

Branches:
Dungeon (4/15)
 Temple: D:4-7

Altars:

Annotations:
D:3 Jine's ghost, average DsGl


Innate Abilities, Weirdness & Mutations

You are small and have problems with some larger weapons.
You are carnivorous and can eat meat at any time.


Message History

You hit the rat but do no damage. The rat bites you but does no damage.
You hit the rat.
You kill the rat!
No target in view!
An ooze comes into view.
The ooze quivers.
An ooze is nearby!
You hit the ooze. The ooze hits you but does no damage.
You completely miss the ooze. You hit the ooze.
The ooze hits you but does no damage.
A goblin comes into view. It is wielding a club.
The goblin shouts!
You hit the ooze.
You kill the ooze!
A giant newt comes into view.
You closely miss the goblin.
The goblin drinks a potion.
The goblin suddenly seems more resistant.
You hit the goblin.
You kill the goblin!
The giant newt barely misses you.
You closely miss the giant newt. The giant newt completely misses you.
You puncture the giant newt!
You kill the giant newt!
No target in view!
No target in view!
You see here a club.
You now have 155 gold pieces (gained 11).
A kobold comes into view. It is wielding a club.
The kobold unwields an uncursed club.
The kobold wields a blowgun.
The kobold shoots a poisoned needle.
The poisoned needle hits you.
You are poisoned.
You see here a poisoned needle.
You feel sick.
The kobold moves out of view.
You take 1 damage, and have 25/26 hp.
You feel sick.
You take 1 damage, and have 24/26 hp.
You miss the kobold.
The kobold unwields an uncursed blowgun.
The kobold wields an uncursed club.
The kobold hits you but does no damage.
You closely miss the kobold. You hit the kobold but do no damage.
The kobold hits you but does no damage.
You closely miss the kobold.
You feel sick. The kobold misses you.
You take 1 damage, and have 23/26 hp.
Your scale mail prevents you from hitting the kobold.
The kobold hits you but does no damage.
You hit the kobold. You hit the kobold but do no damage.
The kobold closely misses you.
You hit the kobold but do no damage.
The kobold hits you with an uncursed club.
You take 2 damage, and have 21/26 hp.
You hit the kobold.
You kill the kobold!
You feel sick.
You take 1 damage, and have 20/26 hp.
Things that are here:
an uncursed club; an uncursed blowgun; a poisoned needle
n - an uncursed blowgun;
o - a poisoned needle You feel sick.
You take 1 damage, and have 20/26 hp.
o - 2 poisoned needles (gained 1)
You start resting.
You feel sick.
You are no longer poisoned.
You take 1 damage, and have 19/26 hp.
Unknown command.
You start resting.
You regained 2 hp, and now have 21/26 hp.
Adjust (i)tems, (s)pells, or (a)bilities?
Okay, then.
Unknown command.
You start resting.
Health restored: 26
There is a stone staircase leading down here.
You climb downwards.
A goblin and an ogre come into view.
The ogre shouts!
There is a stone staircase leading up here.
Wield which item (- for none, * to show all)? (? for menu, Esc to quit)
n - a +0 blowgun (weapon)
Aim: an ogre, wielding a giant club You shoot a poisoned needle.
The poisoned needle hits the ogre!
The ogre is poisoned.
Aim: an ogre, wielding a giant club (lightly wounded, poisoned)
You shoot a poisoned needle. The poisoned needle hits the ogre!
The ogre looks even sicker.
The ogre hits you with a giant club!
Ouch! That really hurt!
You take 17 damage, and have 9/26 hp.
MASSIVE DAMAGE!!
Unknown command.
Wield which item (- for none, * to show all)? (? for menu, Esc to quit)
b - a +0 short sword (weapon)
Read which item? (? for menu, Esc to quit)
Okay, then.
Drink which item? (? for menu, Esc to quit)
Okay, then.
Drink which item? (? for menu, Esc to quit)
It was a potion of curing.
You feel better. The ogre hits you with a giant club!!
Ouch! That really hurt!
You die...

#....# ##.....
#..... ##..g.#
#.....#
##.....+
..##......#
#........O(#
#......@#.(#
#.!.....##....
#...#..##
##### .......
. .#..# . #..
#.. #..


You could see an ogre and a goblin.

Vanquished Creatures
  3 adders
  An ooze (D:3)
  3 worms
  5 hobgoblins
  2 jackals (D:1)
  6 kobolds
  A quokka (D:3)
  A bat (D:1)
  4 giant cockroaches
  2 giant geckos
  5 giant newts
  5 goblins
  7 rats
45 creatures vanquished.

Notes
Turn   | Place    | Note
--------------------------------------------------------------
     0 | D:1      | MackTheKnife, the Kobold Wanderer, began the quest for the Orb.
     0 | D:1      | MackTheKnife set off with: a +2 scale mail, a +0 short sword, a potion of lignification {!q}, a meat ration {@e2}
     0 | D:1      | Reached XP level 1. HP: 12/12 MP: 1/1
   243 | D:1      | Reached skill level 2 in Short Blades
   284 | D:1      | Reached XP level 2. HP: 9/17 MP: 2/2
   527 | D:1      | Reached skill level 3 in Short Blades
   895 | D:2      | Reached XP level 3. HP: 21/21 MP: 3/3
  1127 | D:2      | Reached skill level 4 in Short Blades
  1291 | D:3      | Noticed a necrophage
  1314 | D:3      | Noticed Jine's ghost (average DsGl)
  1701 | D:3      | Reached XP level 4. HP: 16/26 MP: 4/4
  1908 | D:3      | Reached skill level 5 in Short Blades
  2228 | D:4      | Noticed an ogre
  2234 | D:4      | Slain by an ogre

Action                   |  1- 3 |  4- 6 || total
-------------------------+-------+-------++-------
Melee: Short sword       |   170 |    44 ||   214
 Fire: Blowgun           |       |     2 ||     2
  Use: Potion            |       |     1 ||     1
  Eat: Chunk             |     1 |     4 ||     5
       Meat ration       |     1 |       ||     1

Vault maps used:
D:1:      tarquinn_simple_flora_water_c
D:2:      first_bread, serial_bayou_pond_d, lemuel_old_faithful
D:4:      ashenzari_altar_1, grunt_qazlal_sundering, minmay_box_of_dots

Table legend:
 A = Turns spent in this place as a percentage of turns spent in the entire game.
 B = Non-inter-level travel turns spent in this place as a percentage of non-inter-level travel turns spent in the entire game.
 C = Inter-level travel turns spent in this place as a percentage of turns spent in this place.
 D = Turns resting spent in this place as a percentage of non-inter-level travel turns spent in this place.
 E = Turns spent auto-exploring this place as a percentage of non-inter-level travel turns spent in this place.
 F = Non-inter-level travel turns spent in this place divided by the number of levels of this place that you've seen.
                   A       B       C       D       E      F
               +-------+-------+-------+-------+-------+----------------------
         Total | 100.0 | 100.0 |   0.7 |   4.0 |   9.4 | 136.0
       Dungeon | 100.0 | 100.0 |   0.7 |   4.0 |   9.4 | 136.0
               +-------+-------+-------+-------+-------+----------------------

Table legend:
 A = Kills in this place as a percentage of kills in entire the game.
 B = Kills by you in this place as a percentage of kills by you in the entire game.
 C = Kills by friends in this place as a percentage of kills by friends in the entire game.
 D = Other kills in this place as a percentage of other kills in the entire game.
 E = Experience gained in this place as a percentage of experience gained in the entire game.
 F = Experience gained in this place divided by the number of levels of this place that you have seen.
                   A       B       C       D       E      F
               +-------+-------+-------+-------+-------+----------------------
         Total | 100.0 | 100.0 |  -nan |  -nan | 100.0 |  26.0
       Dungeon | 100.0 | 100.0 |  -nan |  -nan | 100.0 |  26.0
               +-------+-------+-------+-------+-------+----------------------
